WCHLSIM.com - West Coast Hockey League
html PUBLIC "-//W3C//DTD XHTML 1.0 Transitional//EN" "http://www.w3.org/TR/xhtml1/DTD/xhtml1-transitional.dtd"> WCHL - Game 903 - SAN JOSE BRONCOS vs CALGARY FIREMEN

SAN JOSE BRONCOS vs CALGARY FIREMEN

Created - 25 février 2020 at 17:28

Goals
1 2 3 T
SAN JOSE BRONCOS 2 1 0 3
CALGARY FIREMEN 0 0 1 1
Shots
1 2 3 T
SAN JOSE BRONCOS 7 10 10 27
CALGARY FIREMEN 5 5 7 17

1st period

1. SAN JOSE BRONCOS , Nick Bonino 9 (Connor Brown 10, Adam Pelech 6) at 8:48 (PP)
2. SAN JOSE BRONCOS , Evgeni Malkin 17 (Alexander Radulov 25) at 11:27 (PP)

Penalties :
Brent Seabrook (CGY) for Hooking (Minor) at 5:10, Ian Cole (CGY) for Diving (Minor) at 8:14, Ryan Johansen (CGY) for Roughing (Minor) at 11:11, Noah Hanifin (CGY) for Holding Stick (Minor) at 17:18, Ryan Graves (CGY) for Holding (Minor) at 19:27

2nd period

3. SAN JOSE BRONCOS , Hampus Lindholm 4 (Mikko Koivu 24, Connor Brown 11) at 9:05

Penalties :
Mats Zuccarello (CGY) for Hooking (Minor) at 15:24, Hampus Lindholm (SJO) for Holding (Minor) at 15:24

3rd period

4. CALGARY FIREMEN , Filip Forsberg 43 (Ryan Johansen 72, Viktor Arvidsson 42) at 9:13

Penalties :
Ryan Johansen (CGY) for Holding (Minor) at 17:10

Goalie Stats

Jacob Markstrom (SJO), 16 saves from 17 shots - (0,941), W, 32-16-3, 60:00 minutes
Devan Dubnyk (CGY), 24 saves from 27 shots - (0,889), L, 34-17-5, 60:00 minutes

Players Stats for SAN JOSE BRONCOS

Player Name              G  A  P  +/- PIM S  H  SB GA TA FO     MP     PP MP  PK MP  
------------------------------------------------------------------------------------
Adam Pelech              0  1  1   0  0   1  1  2  0  0  0/0    21:10   4:28   0:00 
Alexander Radulov        0  1  1  -1  0   7  1  0  0  0  0/0    21:40   4:14   0:00 
Brady Skjei              0  0  0   0  0   0  1  0  0  0  0/0    21:10   4:28   0:00 
Brayden Point            0  0  0   0  0   0  0  0  0  0  0/0    11:14   0:00   0:00 
Brooks Orpik             0  0  0   0  0   1  2  2  0  0  0/0    15:49   0:00   0:00 
Carter Rowney            0  0  0   0  0   0  3  0  0  0  0/0     6:16   0:00   0:00 
Charlie Coyle            0  0  0   0  0   0  0  0  0  0  0/0     0:00   0:00   0:00 
Connor Brown             0  2  2   1  0   2  2  0  0  0  0/1    19:37   4:32   0:00 
Dustin Brown             0  0  0   1  0   1  6  0  0  0  0/1    18:51   4:32   0:00 
Evgeni Malkin            1  0  1  -1  0   5  2  0  0  0  16/30  22:53   4:14   0:00 
Hampus Lindholm          1  0  1   0  2   1  2  0  0  0  0/0    22:14   4:18   0:00 
Jaccob Slavin            0  0  0   0  0   1  0  0  0  0  0/0    23:01   4:18   0:00 
Jordan Weal              0  0  0   0  0   0  0  0  0  0  0/5     6:16   0:00   0:00 
Mikko Koivu              0  1  1   1  0   2  0  0  0  0  9/18   15:32   0:00   0:00 
Nick Bonino              1  0  1   0  0   3  1  0  0  0  8/12   16:32   4:32   0:00 
Nick Holden              0  0  0   0  0   0  1  1  0  0  0/0    16:35   0:00   0:00 
Oliver Bjorkstrand       0  0  0   0  0   1  1  0  0  0  0/1    17:30   0:00   0:00 
Zach Parise              0  0  0  -1  0   2  0  0  0  0  0/0    21:40   4:14   0:00 

Players Stats for CALGARY FIREMEN

Player Name              G  A  P  +/- PIM S  H  SB GA TA FO     MP     PP MP  PK MP  
------------------------------------------------------------------------------------
Adam Henrique            0  0  0   0  0   1  2  0  0  0  12/19  17:03   0:00   0:00 
Andy Greene              0  0  0   0  0   0  0  2  0  0  0/0    23:43   0:00   3:58 
Brent Seabrook           0  0  0   0  2   0  0  0  0  0  0/0    17:28   0:00   3:16 
Brett Howden             0  0  0   0  0   0  0  0  0  0  1/8     9:13   0:00   4:22 
Colton Sceviour          0  0  0   0  0   1  1  0  0  0  0/1     9:15   0:00   4:24 
Filip Forsberg           1  0  1   1  0   6  4  0  0  0  1/1    16:22   0:00   0:00 
Ian Cole                 0  0  0   0  2   1  3  0  0  0  0/0    23:05   0:00   4:01 
Luke Glendening          0  0  0  -1  0   0  2  0  0  0  8/16   16:30   0:00   4:24 
Marcus Sorensen          0  0  0   0  0   0  1  0  0  0  0/0     4:51   0:00   0:00 
Mats Zuccarello          0  0  0   0  2   0  1  0  0  0  0/1    15:55   0:00   0:00 
Niklas Kronwall          0  0  0   0  0   0  0  3  0  0  0/0    17:59   0:00   4:26 
Noah Hanifin             0  0  0   0  2   0  0  2  0  0  0/0    18:41   0:00   0:46 
Oskar Lindblom           0  0  0  -1  0   1  0  0  0  0  0/1    16:28   0:00   4:22 
Ryan Graves              0  0  0   0  2   0  4  1  0  0  0/0    19:00   0:00   1:05 
Ryan Johansen            0  1  1   1  4   1  1  0  0  0  13/21  17:12   0:00   0:00 
Tomas Tatar              0  0  0   0  0   2  1  0  0  0  0/0    16:48   0:00   0:00 
Tyler Johnson            0  0  0  -1  0   1  1  0  0  0  0/0    12:06   0:00   0:00 
Viktor Arvidsson         0  1  1   1  0   3  0  0  0  0  0/0    17:29   0:00   0:00 

3 Stars

1 - Connor Brown (SJO)
2 - Filip Forsberg (CGY)
3 - Nick Bonino (SJO)

Power Play

SAN JOSE BRONCOS - 2 on 6 Attempt(s) - 33,33%
CALGARY FIREMEN - 0 on 0 Attempt(s) - 0,00%

Penalty Kill

SAN JOSE BRONCOS - 0 on 0 Attempt(s) - 0,00% - Score 0 goal in Penalty Kill
CALGARY FIREMEN - 4 on 6 Attempt(s) - 66,67% - Score 0 goal in Penalty Kill

Team Stat

SAN JOSE BRONCOS - Hits : 23 - Faceoff Wins : 33 - Blocked Shots : 5 - Penalty Minutes : 2
CALGARY FIREMEN - Hits : 21 - Faceoff Wins : 35 - Blocked Shots : 8 - Penalty Minutes : 14

Official

Referees : Mike Mullen and Marc Joannette
Linesman : Pat Turcotte and Andrew Norris

Game Notes

No Game Note

Finance

Level 1 -- Attendance: 6000 (100,00%) -- Ticket Income 750 000 $
Level 2 -- Attendance: 5000 (100,00%) -- Ticket Income 425 000 $
Level 3 -- Attendance: 3000 (100,00%) -- Ticket Income 150 000 $
Level 4 -- Attendance: 4403 (88,06%) -- Ticket Income 189 329 $
Luxury Box -- Attendance: 926 (92,60%) -- Ticket Income 240 760 $
Game was played at the Larouche Stadium.
Total Attendance: 19329 (96,65%)
Total Ticket Income: 1 755 089 $
Other Income: 526 527 $
Total Income: 2 281 616 $

SAN JOSE BRONCOS

5 vs 5 Forward 
   Center                   Left Wing                Right Wing               Time % Phy DF OF 
 1 Evgeni Malkin            Zach Parise              Alexander Radulov        36     1   2  2  
 2 Mikko Koivu              Dustin Brown             Connor Brown             31     1   2  2  
 3 Nick Bonino              Oliver Bjorkstrand       Brayden Point            23     1   2  2  
 4 Jordan Weal              Oliver Bjorkstrand       Carter Rowney            10     1   2  2  

5 vs 5 Defense 
   Defense                  Defense                                           Time % Phy DF OF 
 1 Hampus Lindholm          Jaccob Slavin                                     39     1   2  2  
 2 Adam Pelech              Brady Skjei                                       34     1   2  2  
 3 Nick Holden              Brooks Orpik                                      27     1   2  2  
 4 Jaccob Slavin            Hampus Lindholm                                   0      1   2  2  

PowerPlay Forward 
   Center                   Left Wing                Right Wing               Time % Phy DF OF 
 1 Evgeni Malkin            Zach Parise              Alexander Radulov        55     1   2  2  
 2 Nick Bonino              Dustin Brown             Connor Brown             45     1   2  2  

PowerPlay Defense
   Defense                  Defense                                           Time % Phy DF OF 
 1 Hampus Lindholm          Jaccob Slavin                                     55     1   2  2  
 2 Adam Pelech              Brady Skjei                                       45     1   2  2  

Penalty Kill 4 Players Forward 
   Center                   Wing                     Time % Phy DF OF 
 1 Mikko Koivu              Zach Parise              55     1   2  2  
 2 Nick Bonino              Oliver Bjorkstrand       45     1   2  2  

Penalty Kill 4 Players Defense
   Defense                  Defense                  Time % Phy DF OF 
 1 Hampus Lindholm          Jaccob Slavin            55     1   2  2  
 2 Adam Pelech              Brady Skjei              45     1   2  2  

Penalty Kill - 3 Players Forward 
   Forward                                           Time % Phy DF OF 
 1 Mikko Koivu                                       50     1   2  2  
 2 Nick Bonino                                       50     1   2  2  

Penalty Kill - 3 Players Defense
   Defense                  Defense                  Time % Phy DF OF 
 1 Hampus Lindholm          Jaccob Slavin            55     1   2  2  
 2 Adam Pelech              Brady Skjei              45     1   2  2  

4 vs 4 Forward 
   Center                   Wing                     Time % Phy DF OF 
 1 Mikko Koivu              Evgeni Malkin            55     1   2  2  
 2 Nick Bonino              Connor Brown             45     1   2  2  

4 vs 4 Defense
   Defense                  Defense                  Time % Phy DF OF 
 1 Nick Holden              Jaccob Slavin            55     1   2  2  
 2 Adam Pelech              Brady Skjei              45     1   2  2  

Last Minutes Offensive
   Center                   Left Wing                Right Wing               Defense                  Defense                  
   Evgeni Malkin            Zach Parise              Alexander Radulov        Hampus Lindholm          Jaccob Slavin            

Last Minutes Defensive
   Center                   Left Wing                Right Wing               Defense                  Defense                  
   Mikko Koivu              Zach Parise              Alexander Radulov        Hampus Lindholm          Jaccob Slavin            

Goaltenders
Starting : Jacob Markstrom          
Backup : Petr Mrazek              

Extra Forwards
Normal : Connor Brown, Dustin Brown, Jordan Weal - PP : Oliver Bjorkstrand, Zach Parise - PK : Oliver Bjorkstrand
Extra Defensemen
Normal : Nick Holden, Jaccob Slavin, Adam Pelech - PP : Nick Holden - PK : Brady Skjei, Jaccob Slavin
Penalty Shots
Alexander Radulov, Evgeni Malkin, Zach Parise, Dustin Brown, Connor Brown
Custom OT Lines Forwards
Evgeni Malkin, Alexander Radulov, Mikko Koivu, Zach Parise, Nick Bonino, Connor Brown, Brayden Point, Oliver Bjorkstrand, Jordan Weal, Dustin Brown
Custom OT Lines Defensemen
Hampus Lindholm, Jaccob Slavin, Adam Pelech, Brady Skjei, Nick Holden

Scratches
Brett Kulak (Healthy), Eemeli Rasanen (Healthy), Neal Pionk (Strained Left Knee Injury), Nikita Popugaev (Healthy), Nolan Stevens (Healthy)
Rem Pitlick (Healthy), Zach Fischer (Healthy)

CALGARY FIREMEN

5 vs 5 Forward 
   Center                   Left Wing                Right Wing               Time % Phy DF OF 
 1 Ryan Johansen            Filip Forsberg           Viktor Arvidsson         34     0   1  4  
 2 Adam Henrique            Tomas Tatar              Mats Zuccarello          31     1   1  3  
 3 Luke Glendening          Oskar Lindblom           Tyler Johnson            25     1   2  2  
 4 Brett Howden             Marcus Sorensen          Colton Sceviour          10     1   3  1  

5 vs 5 Defense 
   Defense                  Defense                                           Time % Phy DF OF 
 1 Andy Greene              Ian Cole                                          34     1   2  2  
 2 Ryan Graves              Noah Hanifin                                      31     0   2  3  
 3 Brent Seabrook           Niklas Kronwall                                   25     1   2  2  
 4 Andy Greene              Ian Cole                                          10     1   3  1  

PowerPlay Forward 
   Center                   Left Wing                Right Wing               Time % Phy DF OF 
 1 Ryan Johansen            Filip Forsberg           Viktor Arvidsson         50     0   0  5  
 2 Adam Henrique            Tomas Tatar              Mats Zuccarello          50     0   0  5  

PowerPlay Defense
   Defense                  Defense                                           Time % Phy DF OF 
 1 Noah Hanifin             Ryan Graves                                       50     0   0  5  
 2 Brent Seabrook           Niklas Kronwall                                   50     0   0  5  

Penalty Kill 4 Players Forward 
   Center                   Wing                     Time % Phy DF OF 
 1 Luke Glendening          Colton Sceviour          50     1   3  1  
 2 Brett Howden             Oskar Lindblom           50     1   3  1  

Penalty Kill 4 Players Defense
   Defense                  Defense                  Time % Phy DF OF 
 1 Andy Greene              Brent Seabrook           50     1   4  0  
 2 Ian Cole                 Niklas Kronwall          50     1   4  0  

Penalty Kill - 3 Players Forward 
   Forward                                           Time % Phy DF OF 
 1 Luke Glendening                                   50     0   5  0  
 2 Colton Sceviour                                   50     0   5  0  

Penalty Kill - 3 Players Defense
   Defense                  Defense                  Time % Phy DF OF 
 1 Andy Greene              Ryan Graves              50     0   5  0  
 2 Ian Cole                 Niklas Kronwall          50     0   5  0  

4 vs 4 Forward 
   Center                   Wing                     Time % Phy DF OF 
 1 Ryan Johansen            Tomas Tatar              55     1   2  2  
 2 Adam Henrique            Viktor Arvidsson         45     1   2  2  

4 vs 4 Defense
   Defense                  Defense                  Time % Phy DF OF 
 1 Andy Greene              Brent Seabrook           55     1   2  2  
 2 Ian Cole                 Niklas Kronwall          45     1   2  2  

Last Minutes Offensive
   Center                   Left Wing                Right Wing               Defense                  Defense                  
   Ryan Johansen            Filip Forsberg           Viktor Arvidsson         Noah Hanifin             Ryan Graves              

Last Minutes Defensive
   Center                   Left Wing                Right Wing               Defense                  Defense                  
   Ryan Johansen            Filip Forsberg           Viktor Arvidsson         Andy Greene              Ian Cole                 

Goaltenders
Starting : Devan Dubnyk             
Backup : Keith Kinkaid            

Extra Forwards
Normal : Adam Henrique, Filip Forsberg, Viktor Arvidsson - PP : Oskar Lindblom, Filip Forsberg - PK : Oskar Lindblom
Extra Defensemen
Normal : Ryan Graves, Brent Seabrook, Ian Cole - PP : Niklas Kronwall - PK : Ryan Graves, Ian Cole
Penalty Shots
Filip Forsberg, Tomas Tatar, Viktor Arvidsson, Oskar Lindblom, Ryan Johansen
Custom OT Lines Forwards
Ryan Johansen, Filip Forsberg, Viktor Arvidsson, Mats Zuccarello, Adam Henrique, Tomas Tatar, Tyler Johnson, Brett Howden, Oskar Lindblom, Colton Sceviour
Custom OT Lines Defensemen
Andy Greene, Brent Seabrook, Ian Cole, Noah Hanifin, Niklas Kronwall

Scratches
Jeff Kubiak (Healthy), Jonathon Merrill (Healthy), Kyle Bauman (Healthy), Shane Hanna (Healthy)

% Time on Ice - SAN JOSE BRONCOS

Lines # - Real PCT - Wanted PCT - Time Play
Normal Forward
1 - 35% - 36% - 17:26
2 - 29% - 31% - 14:19
3 - 23% - 23% - 11:14
4 - 13% - 10% - 6:16
Normal Defense
1 - 36% - 39% - 17:57
2 - 31% - 34% - 15:29
3 - 32% - 27% - 15:49
4 - 0% - 0% - 0:00
PP Forward
1 - 48% - 55% - 4:14
2 - 52% - 45% - 4:32
PP Defense
1 - 49% - 55% - 4:18
2 - 51% - 45% - 4:28
PK Forward
1 - 0% - 55%
2 - 0% - 45%
PK Defense
1 - 0% - 55%
2 - 0% - 45%
PK3 Forward
1 - 0% - 50%
2 - 0% - 50%
PK3 Defense
1 - 0% - 55%
2 - 0% - 45%
44 Forward
1 - 61% - 55% - 1:13
2 - 39% - 45% - 0:46
44 Defense
1 - 39% - 55% - 0:46
2 - 61% - 45% - 1:13
Last Minute Offensive  - 0:00
Last Minute Defensive  - 0:00
Total
Forward - 60:00
Defense - 60:00

% Time on Ice - CALGARY FIREMEN

Lines # - Real PCT - Wanted PCT - Time Play
Normal Forward
1 - 33% - 34% - 16:22
2 - 32% - 31% - 15:56
3 - 25% - 25% - 12:06
4 - 10% - 10% - 4:51
Normal Defense
1 - 32% - 34% - 15:52
2 - 36% - 31% - 17:56
3 - 26% - 25% - 12:55
4 - 5% - 10% - 2:32
PP Forward
1 - 0% - 50%
2 - 0% - 50%
PP Defense
1 - 0% - 50%
2 - 0% - 50%
PK Forward
1 - 50% - 50% - 4:24
2 - 50% - 50% - 4:22
PK Defense
1 - 54% - 50% - 4:44
2 - 46% - 50% - 4:02
PK3 Forward
1 - 0% - 50%
2 - 0% - 50%
PK3 Defense
1 - 0% - 50%
2 - 0% - 50%
44 Forward
1 - 44% - 55% - 0:52
2 - 56% - 45% - 1:07
44 Defense
1 - 66% - 55% - 1:18
2 - 34% - 45% - 0:41
Last Minute Offensive  - 0:00
Last Minute Defensive  - 0:00
Total
Forward - 60:00
Defense - 60:00

Play-by-Play

1st period


0:01 of 1st period - Ryan Johansen wins face-off versus Evgeni Malkin in neutral zone.
0:35 of 1st period - Shot by Filip Forsberg.
0:35 of 1st period - Shot Misses the Net.
0:37 of 1st period - Shot by Filip Forsberg.
0:37 of 1st period - Stopped by Jacob Markstrom with a rebound.
0:41 of 1st period - Shot by Filip Forsberg.
0:41 of 1st period - Stopped by Jacob Markstrom without a rebound.
0:42 of 1st period - Mikko Koivu wins face-off versus Adam Henrique in SAN JOSE BRONCOS zone.
0:48 of 1st period - Icing by Adam Pelech.
0:49 of 1st period - Mikko Koivu wins face-off versus Luke Glendening in SAN JOSE BRONCOS zone.
0:54 of 1st period - Luke Glendening is hit by Dustin Brown and loses puck.
1:25 of 1st period - Shot by Connor Brown.
1:25 of 1st period - Shot Misses the Net.
2:09 of 1st period - Shot by Tomas Tatar.
2:09 of 1st period - Shot Misses the Net.
2:42 of 1st period - Icing by Brady Skjei.
2:43 of 1st period - Mikko Koivu wins face-off versus Ryan Johansen in SAN JOSE BRONCOS zone.
3:28 of 1st period - Icing by Ryan Johansen.
3:29 of 1st period - Nick Bonino wins face-off versus Ryan Johansen in CALGARY FIREMEN zone.
4:02 of 1st period - Ian Cole is hit by Oliver Bjorkstrand and loses puck.
4:53 of 1st period - Shot by Zach Parise.
4:53 of 1st period - Stopped by Devan Dubnyk without a rebound.
4:54 of 1st period - Adam Henrique wins face-off versus Jordan Weal in CALGARY FIREMEN zone.
4:54 of 1st period - Adam Henrique is hit by Carter Rowney.
5:10 of 1st period - Minor Penalty to Brent Seabrook for Hooking.
5:11 of 1st period - Evgeni Malkin wins face-off versus Oskar Lindblom in CALGARY FIREMEN zone.
7:12 of 1st period - Icing by Nick Holden.
7:13 of 1st period - Adam Henrique wins face-off versus Jordan Weal in SAN JOSE BRONCOS zone.
7:17 of 1st period - Tomas Tatar is hit by Nick Holden and loses puck.
7:38 of 1st period - Shot by Tomas Tatar.
7:38 of 1st period - Shot Misses the Net.
7:51 of 1st period - Off-side.
7:52 of 1st period - Ryan Johansen wins face-off versus Evgeni Malkin in neutral zone.
7:56 of 1st period - Filip Forsberg is hit by Hampus Lindholm and loses puck.
8:14 of 1st period - Minor Penalty to Ian Cole for Diving.
8:15 of 1st period - Nick Bonino wins face-off versus Luke Glendening in CALGARY FIREMEN zone.
8:46 of 1st period - Shot by Connor Brown.
8:46 of 1st period - Shot Misses the Net.
8:48 of 1st period - Shot by Nick Bonino.
8:48 of 1st period - Goal by Nick Bonino - SAN JOSE BRONCOS : 1 - CALGARY FIREMEN : 0.
8:49 of 1st period - Evgeni Malkin wins face-off versus Mats Zuccarello in neutral zone.
9:22 of 1st period - Nick Holden is hit by Tomas Tatar and loses puck.
9:30 of 1st period - Icing by Nick Holden.
9:31 of 1st period - Evgeni Malkin wins face-off versus Luke Glendening in SAN JOSE BRONCOS zone.
9:54 of 1st period - Shot by Oskar Lindblom.
9:54 of 1st period - Shot Misses the Net.
10:08 of 1st period - Shot by Oskar Lindblom.
10:08 of 1st period - Stopped by Jacob Markstrom with a rebound.
11:07 of 1st period - Mikko Koivu is hit by Filip Forsberg and loses puck.
11:11 of 1st period - Minor Penalty to Ryan Johansen for Roughing.
11:12 of 1st period - Evgeni Malkin wins face-off versus Brett Howden in CALGARY FIREMEN zone.
11:27 of 1st period - Shot by Evgeni Malkin.
11:27 of 1st period - Goal by Evgeni Malkin - SAN JOSE BRONCOS : 2 - CALGARY FIREMEN : 0.
11:28 of 1st period - Adam Henrique wins face-off versus Mikko Koivu in neutral zone.
11:47 of 1st period - Shot by Adam Henrique.
11:47 of 1st period - Shot Misses the Net.
12:25 of 1st period - Shot by Evgeni Malkin.
12:25 of 1st period - Shot Misses the Net.
12:29 of 1st period - Shot by Zach Parise.
12:29 of 1st period - Stopped by Devan Dubnyk without a rebound.
12:30 of 1st period - Luke Glendening wins face-off versus Nick Bonino in CALGARY FIREMEN zone.
12:41 of 1st period - Shot by Tyler Johnson.
12:41 of 1st period - Shot Misses the Net.
13:16 of 1st period - Shot by Brayden Point.
13:16 of 1st period - Deflect By Nick Bonino.
13:16 of 1st period - Stopped by Devan Dubnyk without a rebound.
13:17 of 1st period - Ryan Johansen wins face-off versus Evgeni Malkin in CALGARY FIREMEN zone.
13:17 of 1st period - Ryan Johansen is hit by Evgeni Malkin.
13:23 of 1st period - Hampus Lindholm is hit by Ryan Johansen and loses puck.
14:55 of 1st period - Off-side.
14:56 of 1st period - Luke Glendening wins face-off versus Nick Bonino in neutral zone.
15:25 of 1st period - Shot by Oskar Lindblom.
15:25 of 1st period - Deflect By Tyler Johnson.
15:25 of 1st period - Stopped by Jacob Markstrom without a rebound.
15:26 of 1st period - Evgeni Malkin wins face-off versus Adam Henrique in SAN JOSE BRONCOS zone.
15:48 of 1st period - Icing by Alexander Radulov.
15:49 of 1st period - Evgeni Malkin wins face-off versus Luke Glendening in SAN JOSE BRONCOS zone.
15:57 of 1st period - Evgeni Malkin is hit by Ian Cole and loses puck.
16:03 of 1st period - Luke Glendening is hit by Alexander Radulov and loses puck.
16:18 of 1st period - Zach Parise is hit by Ian Cole and loses puck.
17:18 of 1st period - Minor Penalty to Noah Hanifin for Holding Stick.
17:19 of 1st period - Nick Bonino wins face-off versus Brett Howden in CALGARY FIREMEN zone.
18:00 of 1st period - Shot by Connor Brown.
18:00 of 1st period - Shot Misses the Net.
18:02 of 1st period - Shot by Nick Bonino.
18:02 of 1st period - Stopped by Devan Dubnyk without a rebound.
18:03 of 1st period - Evgeni Malkin wins face-off versus Colton Sceviour in CALGARY FIREMEN zone.
18:32 of 1st period - Shot by Colton Sceviour.
18:32 of 1st period - Stopped by Jacob Markstrom without a rebound.
18:33 of 1st period - Luke Glendening wins face-off versus Dustin Brown in SAN JOSE BRONCOS zone.
18:52 of 1st period - Shot by Dustin Brown.
18:52 of 1st period - Deflect By Connor Brown.
18:52 of 1st period - Shot Misses the Net.
18:54 of 1st period - Shot by Adam Pelech.
18:54 of 1st period - Shot Misses the Net.
19:27 of 1st period - Minor Penalty to Ryan Graves for Holding.
19:28 of 1st period - Evgeni Malkin wins face-off versus Brett Howden in CALGARY FIREMEN zone.
19:33 of 1st period - Shot by Alexander Radulov.
19:33 of 1st period - Shot Misses the Net.
19:35 of 1st period - Shot by Jaccob Slavin.
19:35 of 1st period - Shot Blocked by Andy Greene.
19:39 of 1st period - Shot by Evgeni Malkin.
19:39 of 1st period - Stopped by Devan Dubnyk without a rebound.
19:40 of 1st period - Nick Bonino wins face-off versus Brett Howden in CALGARY FIREMEN zone.
Goals for this period are 2 for SAN JOSE BRONCOS vs 0 for CALGARY FIREMEN.
Shots for this period are 7 for SAN JOSE BRONCOS vs 5 for CALGARY FIREMEN.

2nd period


0:01 of 2nd period - Luke Glendening wins face-off versus Evgeni Malkin in neutral zone.
0:04 of 2nd period - Evgeni Malkin is hit by Luke Glendening and loses puck.
1:35 of 2nd period - Shot by Oliver Bjorkstrand.
1:35 of 2nd period - Stopped by Devan Dubnyk without a rebound.
1:36 of 2nd period - Adam Henrique wins face-off versus Jordan Weal in CALGARY FIREMEN zone.
1:52 of 2nd period - Oliver Bjorkstrand is hit by Ryan Graves and loses puck.
2:08 of 2nd period - Carter Rowney is hit by Ryan Graves and loses puck.
2:49 of 2nd period - Shot by Ryan Johansen.
2:49 of 2nd period - Stopped by Jacob Markstrom without a rebound.
2:50 of 2nd period - Evgeni Malkin wins face-off versus Luke Glendening in SAN JOSE BRONCOS zone.
3:13 of 2nd period - Shot by Evgeni Malkin.
3:13 of 2nd period - Stopped by Devan Dubnyk without a rebound.
3:14 of 2nd period - Ryan Johansen wins face-off versus Mikko Koivu in CALGARY FIREMEN zone.
3:14 of 2nd period - Ryan Johansen is hit by Connor Brown.
3:35 of 2nd period - Shot by Viktor Arvidsson.
3:35 of 2nd period - Shot Misses the Net.
4:22 of 2nd period - Shot by Evgeni Malkin.
4:22 of 2nd period - Stopped by Devan Dubnyk without a rebound.
4:23 of 2nd period - Adam Henrique wins face-off versus Oliver Bjorkstrand in CALGARY FIREMEN zone.
4:55 of 2nd period - Brent Seabrook is hit by Nick Bonino and loses puck.
5:29 of 2nd period - Shot by Evgeni Malkin.
5:29 of 2nd period - Deflect By Alexander Radulov.
5:29 of 2nd period - Shot Blocked by Niklas Kronwall.
5:31 of 2nd period - Shot by Alexander Radulov.
5:31 of 2nd period - Stopped by Devan Dubnyk without a rebound.
5:32 of 2nd period - Mikko Koivu wins face-off versus Luke Glendening in CALGARY FIREMEN zone.
5:57 of 2nd period - Connor Brown is hit by Ryan Graves and loses puck.
6:07 of 2nd period - Icing by Noah Hanifin.
6:08 of 2nd period - Evgeni Malkin wins face-off versus Luke Glendening in CALGARY FIREMEN zone.
6:09 of 2nd period - Shot by Alexander Radulov.
6:09 of 2nd period - Shot Blocked by Noah Hanifin.
6:11 of 2nd period - Shot by Evgeni Malkin.
6:11 of 2nd period - Stopped by Devan Dubnyk with a rebound.
6:27 of 2nd period - Shot by Alexander Radulov.
6:27 of 2nd period - Stopped by Devan Dubnyk with a rebound.
6:29 of 2nd period - Shot by Zach Parise.
6:29 of 2nd period - Shot Misses the Net.
6:31 of 2nd period - Shot by Alexander Radulov.
6:31 of 2nd period - Stopped by Devan Dubnyk without a rebound.
6:32 of 2nd period - Nick Bonino wins face-off versus Ryan Johansen in CALGARY FIREMEN zone.
7:17 of 2nd period - Shot by Viktor Arvidsson.
7:17 of 2nd period - Stopped by Jacob Markstrom without a rebound.
7:18 of 2nd period - Adam Henrique wins face-off versus Evgeni Malkin in SAN JOSE BRONCOS zone.
7:35 of 2nd period - Shot by Zach Parise.
7:35 of 2nd period - Shot Misses the Net.
7:45 of 2nd period - Shot by Adam Henrique.
7:45 of 2nd period - Shot Misses the Net.
7:53 of 2nd period - Shot by Mats Zuccarello.
7:53 of 2nd period - Shot Misses the Net.
8:24 of 2nd period - Icing by Luke Glendening.
8:25 of 2nd period - Luke Glendening wins face-off versus Mikko Koivu in CALGARY FIREMEN zone.
8:25 of 2nd period - Luke Glendening is hit by Dustin Brown.
8:33 of 2nd period - Shot by Mikko Koivu.
8:33 of 2nd period - Shot Blocked by Noah Hanifin.
8:41 of 2nd period - Shot by Dustin Brown.
8:41 of 2nd period - Shot Blocked by Ryan Graves.
8:45 of 2nd period - Shot by Dustin Brown.
8:45 of 2nd period - Shot Misses the Net.
9:01 of 2nd period - Shot by Mikko Koivu.
9:01 of 2nd period - Shot Misses the Net.
9:03 of 2nd period - Shot by Mikko Koivu.
9:03 of 2nd period - Shot Misses the Net.
9:05 of 2nd period - Shot by Hampus Lindholm.
9:05 of 2nd period - Goal by Hampus Lindholm - SAN JOSE BRONCOS : 3 - CALGARY FIREMEN : 0.
9:06 of 2nd period - Filip Forsberg wins face-off versus Nick Bonino in neutral zone.
9:30 of 2nd period - Shot by Filip Forsberg.
9:30 of 2nd period - Shot Blocked by Brooks Orpik.
9:36 of 2nd period - Shot by Viktor Arvidsson.
9:36 of 2nd period - Stopped by Jacob Markstrom without a rebound.
9:37 of 2nd period - Adam Henrique wins face-off versus Evgeni Malkin in SAN JOSE BRONCOS zone.
10:00 of 2nd period - Icing by Adam Pelech.
10:01 of 2nd period - Evgeni Malkin wins face-off versus Ryan Johansen in SAN JOSE BRONCOS zone.
10:17 of 2nd period - Viktor Arvidsson is hit by Adam Pelech and loses puck.
10:27 of 2nd period - Off-side.
10:28 of 2nd period - Mikko Koivu wins face-off versus Brett Howden in neutral zone.
11:27 of 2nd period - Nick Holden is hit by Marcus Sorensen and loses puck.
12:09 of 2nd period - Shot by Filip Forsberg.
12:09 of 2nd period - Shot Blocked by Brooks Orpik.
12:11 of 2nd period - Shot by Filip Forsberg.
12:11 of 2nd period - Stopped by Jacob Markstrom without a rebound.
12:12 of 2nd period - Evgeni Malkin wins face-off versus Adam Henrique in SAN JOSE BRONCOS zone.
12:12 of 2nd period - Zach Parise is hit by Adam Henrique and loses puck.
12:24 of 2nd period - Shot by Tomas Tatar.
12:24 of 2nd period - Shot Misses the Net.
12:52 of 2nd period - Shot by Alexander Radulov.
12:52 of 2nd period - Stopped by Devan Dubnyk with a rebound.
13:22 of 2nd period - Shot by Connor Brown.
13:22 of 2nd period - Shot Blocked by Andy Greene.
13:24 of 2nd period - Shot by Jaccob Slavin.
13:24 of 2nd period - Stopped by Devan Dubnyk without a rebound.
13:25 of 2nd period - Ryan Johansen wins face-off versus Nick Bonino in CALGARY FIREMEN zone.
14:02 of 2nd period - Brayden Point is hit by Filip Forsberg and loses puck.
15:24 of 2nd period - Minor Penalty to Mats Zuccarello for Hooking.
15:24 of 2nd period - Minor Penalty to Hampus Lindholm for Holding.
15:25 of 2nd period - Ryan Johansen wins face-off versus Mikko Koivu in SAN JOSE BRONCOS zone.
15:32 of 2nd period - Shot by Ryan Johansen.
15:32 of 2nd period - Shot Blocked by Adam Pelech.
15:35 of 2nd period - Icing by Mikko Koivu.
15:36 of 2nd period - Ryan Johansen wins face-off versus Mikko Koivu in SAN JOSE BRONCOS zone.
16:16 of 2nd period - Shot by Tomas Tatar.
16:16 of 2nd period - Stopped by Jacob Markstrom without a rebound.
16:17 of 2nd period - Nick Bonino wins face-off versus Adam Henrique in SAN JOSE BRONCOS zone.
18:16 of 2nd period - Icing by Brady Skjei.
18:17 of 2nd period - Brett Howden wins face-off versus Mikko Koivu in SAN JOSE BRONCOS zone.
18:45 of 2nd period - Shot by Connor Brown.
18:45 of 2nd period - Shot Misses the Net.
19:03 of 2nd period - Icing by Brady Skjei.
19:04 of 2nd period - Ryan Johansen wins face-off versus Mikko Koivu in SAN JOSE BRONCOS zone.
19:04 of 2nd period - Ryan Johansen is hit by Brady Skjei.
19:16 of 2nd period - Viktor Arvidsson is hit by Dustin Brown and loses puck.
19:43 of 2nd period - Icing by Nick Holden.
19:44 of 2nd period - Adam Henrique wins face-off versus Evgeni Malkin in SAN JOSE BRONCOS zone.
Goals for this period are 1 for SAN JOSE BRONCOS vs 0 for CALGARY FIREMEN.
Shots for this period are 10 for SAN JOSE BRONCOS vs 5 for CALGARY FIREMEN.

3rd period


0:01 of 3rd period - Adam Henrique wins face-off versus Evgeni Malkin in neutral zone.
0:04 of 3rd period - Shot by Tomas Tatar.
0:04 of 3rd period - Stopped by Jacob Markstrom with a rebound.
0:24 of 3rd period - Shot by Tomas Tatar.
0:24 of 3rd period - Shot Misses the Net.
1:12 of 3rd period - Shot by Filip Forsberg.
1:12 of 3rd period - Stopped by Jacob Markstrom without a rebound.
1:13 of 3rd period - Mikko Koivu wins face-off versus Luke Glendening in SAN JOSE BRONCOS zone.
1:33 of 3rd period - Shot by Adam Pelech.
1:33 of 3rd period - Shot Misses the Net.
1:35 of 3rd period - Shot by Connor Brown.
1:35 of 3rd period - Stopped by Devan Dubnyk with a rebound.
1:45 of 3rd period - Shot by Mikko Koivu.
1:45 of 3rd period - Stopped by Devan Dubnyk without a rebound.
1:46 of 3rd period - Nick Bonino wins face-off versus Ryan Johansen in CALGARY FIREMEN zone.
1:55 of 3rd period - Shot by Nick Bonino.
1:55 of 3rd period - Shot Blocked by Niklas Kronwall.
1:57 of 3rd period - Shot by Brooks Orpik.
1:57 of 3rd period - Shot Misses the Net.
1:59 of 3rd period - Shot by Brooks Orpik.
1:59 of 3rd period - Stopped by Devan Dubnyk without a rebound.
2:00 of 3rd period - Adam Henrique wins face-off versus Jordan Weal in CALGARY FIREMEN zone.
2:00 of 3rd period - Adam Henrique is hit by Carter Rowney.
2:14 of 3rd period - Shot by Tomas Tatar.
2:14 of 3rd period - Shot Blocked by Adam Pelech.
2:16 of 3rd period - Shot by Adam Henrique.
2:16 of 3rd period - Stopped by Jacob Markstrom without a rebound.
2:17 of 3rd period - Evgeni Malkin wins face-off versus Ryan Johansen in SAN JOSE BRONCOS zone.
2:22 of 3rd period - Viktor Arvidsson is hit by Evgeni Malkin.
2:37 of 3rd period - Shot by Alexander Radulov.
2:37 of 3rd period - Stopped by Devan Dubnyk without a rebound.
2:38 of 3rd period - Mikko Koivu wins face-off versus Adam Henrique in CALGARY FIREMEN zone.
3:25 of 3rd period - Adam Pelech is hit by Mats Zuccarello and loses puck.
3:49 of 3rd period - Filip Forsberg is hit by Dustin Brown and loses puck.
4:04 of 3rd period - Shot by Alexander Radulov.
4:04 of 3rd period - Shot Misses the Net.
4:06 of 3rd period - Shot by Zach Parise.
4:06 of 3rd period - Shot Misses the Net.
4:36 of 3rd period - Shot by Evgeni Malkin.
4:36 of 3rd period - Shot Misses the Net.
5:07 of 3rd period - Icing by Hampus Lindholm.
5:08 of 3rd period - Evgeni Malkin wins face-off versus Brett Howden in SAN JOSE BRONCOS zone.
5:08 of 3rd period - Zach Parise is hit by Colton Sceviour and loses puck.
5:21 of 3rd period - Marcus Sorensen is hit by Hampus Lindholm and loses puck.
5:33 of 3rd period - Evgeni Malkin is hit by Ian Cole and loses puck.
6:58 of 3rd period - Shot by Viktor Arvidsson.
6:58 of 3rd period - Shot Misses the Net.
8:04 of 3rd period - Oliver Bjorkstrand is hit by Tyler Johnson and loses puck.
8:38 of 3rd period - Dustin Brown is hit by Luke Glendening.
8:42 of 3rd period - Ian Cole is hit by Connor Brown and loses puck.
9:02 of 3rd period - Shot by Dustin Brown.
9:02 of 3rd period - Stopped by Devan Dubnyk without a rebound.
9:03 of 3rd period - Ryan Johansen wins face-off versus Evgeni Malkin in CALGARY FIREMEN zone.
9:08 of 3rd period - Jaccob Slavin is hit by Filip Forsberg and loses puck.
9:13 of 3rd period - Shot by Ryan Johansen.
9:13 of 3rd period - Deflect By Filip Forsberg.
9:13 of 3rd period - Goal by Filip Forsberg - SAN JOSE BRONCOS : 3 - CALGARY FIREMEN : 1.
9:14 of 3rd period - Adam Henrique wins face-off versus Evgeni Malkin in neutral zone.
9:38 of 3rd period - Shot by Zach Parise.
9:38 of 3rd period - Deflect By Alexander Radulov.
9:38 of 3rd period - Stopped by Devan Dubnyk with a rebound.
9:40 of 3rd period - Shot by Hampus Lindholm.
9:40 of 3rd period - Shot Blocked by Niklas Kronwall.
9:42 of 3rd period - Shot by Alexander Radulov.
9:42 of 3rd period - Stopped by Devan Dubnyk without a rebound.
9:43 of 3rd period - Mikko Koivu wins face-off versus Ryan Johansen in CALGARY FIREMEN zone.
10:09 of 3rd period - Icing by Ryan Johansen.
10:10 of 3rd period - Ryan Johansen wins face-off versus Evgeni Malkin in CALGARY FIREMEN zone.
10:41 of 3rd period - Icing by Hampus Lindholm.
10:42 of 3rd period - Evgeni Malkin wins face-off versus Adam Henrique in SAN JOSE BRONCOS zone.
10:42 of 3rd period - Evgeni Malkin is hit by Adam Henrique.
10:48 of 3rd period - Shot by Zach Parise.
10:48 of 3rd period - Shot Misses the Net.
11:12 of 3rd period - Shot by Tomas Tatar.
11:12 of 3rd period - Shot Hit the Post.
11:14 of 3rd period - Shot by Ian Cole.
11:14 of 3rd period - Stopped by Jacob Markstrom with a rebound.
11:55 of 3rd period - Shot by Mikko Koivu.
11:55 of 3rd period - Stopped by Devan Dubnyk without a rebound.
11:56 of 3rd period - Ryan Johansen wins face-off versus Jordan Weal in CALGARY FIREMEN zone.
11:56 of 3rd period - Ryan Johansen is hit by Carter Rowney.
12:07 of 3rd period - Icing by Ryan Graves.
12:08 of 3rd period - Mikko Koivu wins face-off versus Ryan Johansen in CALGARY FIREMEN zone.
12:26 of 3rd period - Shot by Viktor Arvidsson.
12:26 of 3rd period - Stopped by Jacob Markstrom without a rebound.
12:27 of 3rd period - Nick Bonino wins face-off versus Adam Henrique in SAN JOSE BRONCOS zone.
12:55 of 3rd period - Icing by Mats Zuccarello.
12:56 of 3rd period - Adam Henrique wins face-off versus Mikko Koivu in CALGARY FIREMEN zone.
12:56 of 3rd period - Adam Henrique is hit by Dustin Brown.
13:08 of 3rd period - Shot by Connor Brown.
13:08 of 3rd period - Stopped by Devan Dubnyk without a rebound.
13:09 of 3rd period - Ryan Johansen wins face-off versus Evgeni Malkin in CALGARY FIREMEN zone.
13:22 of 3rd period - Shot by Filip Forsberg.
13:22 of 3rd period - Stopped by Jacob Markstrom with a rebound.
13:25 of 3rd period - Icing by Jaccob Slavin.
13:26 of 3rd period - Luke Glendening wins face-off versus Evgeni Malkin in SAN JOSE BRONCOS zone.
14:02 of 3rd period - Icing by Noah Hanifin.
14:03 of 3rd period - Luke Glendening wins face-off versus Mikko Koivu in CALGARY FIREMEN zone.
14:03 of 3rd period - Luke Glendening is hit by Dustin Brown.
15:05 of 3rd period - Oliver Bjorkstrand is hit by Filip Forsberg and loses puck.
15:50 of 3rd period - Adam Henrique is hit by Brooks Orpik.
16:08 of 3rd period - Shot by Mats Zuccarello.
16:08 of 3rd period - Shot Blocked by Nick Holden.
16:19 of 3rd period - Adam Henrique is hit by Brooks Orpik and loses puck.
16:46 of 3rd period - Shot by Zach Parise.
16:46 of 3rd period - Shot Misses the Net.
16:55 of 3rd period - Off-side.
16:56 of 3rd period - Ryan Johansen wins face-off versus Connor Brown in neutral zone.
17:10 of 3rd period - Minor Penalty to Ryan Johansen for Holding.
17:11 of 3rd period - Evgeni Malkin wins face-off versus Brett Howden in CALGARY FIREMEN zone.
18:49 of 3rd period - Shot by Dustin Brown.
18:49 of 3rd period - Shot Misses the Net.
18:51 of 3rd period - Shot by Adam Pelech.
18:51 of 3rd period - Stopped by Devan Dubnyk without a rebound.
18:52 of 3rd period - Luke Glendening wins face-off versus Evgeni Malkin in CALGARY FIREMEN zone.
19:10 of 3rd period - Alexander Radulov is hit by Ryan Graves and loses puck.
19:31 of 3rd period - Shot by Tomas Tatar.
19:31 of 3rd period - Shot Misses the Net.
Goals for this period are 0 for SAN JOSE BRONCOS vs 1 for CALGARY FIREMEN.
Shots for this period are 10 for SAN JOSE BRONCOS vs 7 for CALGARY FIREMEN.


AUSTON
MATTHEWS
JOEL
ERIKSSON
MATHEW
BARZAL

EAST COAST

HOCKEY LEAGUE

  • 21.PIT7MAN3
  • 22.ATL3NHW4
  • 23.WOR5PET4
  • 24.3RHI4
  • 25.QUECHI
  • 26.CHALIM
  • 27.TRVLON
  • 28.CHWBAL